 Dungeon Crawl Stone Soup version 0.30-a0-939-gc8157cb160 (webtiles) character file.

Game seed: 16918521674429274790

1601 zero the Thaumaturge (level 8, -3/41 HPs)
             Began as a Deep Elf Fire Elementalist on Mar 25, 2023.
             Was a Follower of Vehumet.
             Slain by an ogre
             ... wielding a +0 giant spiked club
              (18 damage)
             ... on level 6 of the Dungeon.
             The game lasted 00:09:51 (7639 turns).

zero the Thaumaturge (Deep Elf Fire Elementalist)   Turns: 7639, Time: 00:09:52

Health: -3/41      AC:  5    Str:  5    XL:     8   Next: 62%
Magic:  11/24      EV: 12    Int: 23    God:    Vehumet [*.....]
Gold:   314        SH:  0    Dex: 15    Spells: 13/27 levels left

rFire   . . .      SeeInvis +    v - +2 rapier (freeze)
rCold   . . .      Faith    .    (no shield)
rNeg    . . .      Spirit   .    a - +0 robe
rPois   .          Reflect  .    A - +0 helmet
rElec   .          Rampage  .    i - scarf {+Inv}
rCorr   .                        l - +0 pair of gloves
Will    .....                    h - +0 pair of boots
Stlth   ++                       w - amulet of the acrobat
HPRegen 0.26/turn                q - ring of see invisible
MPRegen 0.19/turn                (no ring)

@: no status effects
A: no striking features
a: Renounce Religion, Evoke Invisibility


You were on level 6 of the Dungeon.
You worshipped Vehumet.
Vehumet was aware of your devotion.
You visited 2 branches of the dungeon, and saw 7 of its levels.

You collected 379 gold pieces.
You spent 65 gold pieces at shops.

Inventory:

Hand Weapons
 d - a +0 dagger of chaos
 g - a +0 short sword of speed
 v - a +2 rapier of freezing (weapon)
Missiles
 u - 3 silver javelins
Armour
 a - a +0 robe (worn)
 h - a +0 pair of boots (worn)
 i - a scarf of invisibility (worn)
 l - a +0 pair of gloves (worn)
 A - a +0 helmet (worn)
Jewellery
 e - an amulet of regeneration
 q - a ring of see invisible (left hand)
 w - an amulet of the acrobat (around neck)
 B - a +6 ring of dexterity
 E - a +4 ring of slaying
Wands
 y - a wand of flame (21)
 F - a wand of digging (2)
 G - a wand of roots (8)
Scrolls
 f - 3 scrolls of vulnerability
 s - 2 scrolls of magic mapping
 z - 4 scrolls of teleportation
 C - 3 scrolls of identify
 D - a scroll of noise {unknown}
Potions
 b - a potion of magic
 c - a potion of cancellation {unknown}
 j - 3 potions of ambrosia
 k - a potion of mutation {unknown}
 m - a potion of brilliance {unknown}
 n - a potion of lignification {unknown}
 o - 4 potions of curing {unknown}
 p - 3 potions of attraction {unknown}
 r - a potion of haste {unknown}
 t - a potion of degeneration
 x - 2 potions of heal wounds {unknown}


   Skills:
 - Level 2.4 Dodging
 - Level 2.4 Stealth
 - Level 10.0 Spellcasting
 - Level 5.0 Conjurations
 + Level 8.1 Fire Magic


You had 13 spell levels left.
You knew the following spells:

 Your Spells              Type           Power      Damage    Failure   Level
a - Foxfire               Conj/Fire      100%       2x1d9     1%          1
c - Inner Flame           Hex/Fire       30%        N/A       3%          3
d - Flame Wave            Conj/Fire      41%        2d11      3%          4
e - Freezing Cloud        Conj/Ice/Air   9%         6-21      63%         5
g - Apportation           Tloc           22%        N/A       5%          1

Your spell library contained the following spells:

 Spells                   Type           Power      Damage    Failure   Level
 Magic Dart               Conj           100%       1d8       1%          1
 Shock                    Conj/Air       92%        1d8       1%          1
 Scorch                   Fire           98%        2d9       1%          2
 Sticky Flame             Conj/Fire      41%        2d6       3%          4
 Necrotise                Necr           44%        1d6       5%          1
 Summon Small Mammal      Summ           44%        N/A       5%          1
 Ignite Poison            Fire/Tmut/Pois 24%        N/A       5%          3
 Kindle Blastsparks       Fire/Tloc/Air  48%        2d14      5%          3
 Dazzling Flash           Conj/Hex       46%        N/A       6%          3
 Swiftness                Air            11%        N/A       17%         3
 Iskenderun's Mystic Bla  Conj/Tloc      23%        2d6       21%         4
 Airstrike                Air            5%         2d(1-17)  50%         4
 Starburst                Conj/Fire      20%        6d7       50%         6
 Ignition                 Fire           24%        3d8       100%        8


Dungeon Overview and Level Annotations

Branches:
Dungeon (6/15)             Temple (1/1) D:4

Altars:
Cheibriados
Dithmenos
Okawaru
Ru
Vehumet
Wu Jian
Yredelemnul
The Shining One

Shops:
D:4 :   D:6 ?

Annotations:
D:1 1 transporter
D:5 1 runed translucent door, Crazy Yiuf
D:6 exclusion: steam dragon


Message History

You conjure some foxfire!
The bullfrog hits you. The bullfrog barely misses you.
You conjure some foxfire!
The foxfire hits the bullfrog!
The bullfrog is heavily wounded.
The foxfire hits the bullfrog!
The bullfrog is almost dead.
The bullfrog barely misses you.
You conjure some foxfire!
The foxfire hits the bullfrog.
The bullfrog is almost dead.
The foxfire hits the bullfrog.
You kill the bullfrog!
Vehumet accepts your kill.
You can now gain magical power from killing.
Vehumet offers you knowledge of Magic Dart.
The ogre hits you with a +0 giant spiked club!!
Ouch! That really hurt!
The sky beast flickers out of sight for a moment.
Your Fire Magic skill increases to level 8!
You are too injured to fight recklessly!
You are too injured to fight recklessly!
Casting: Foxfire (safe; 1% risk of failure)
Confirm with . or Enter, or press ? or * to list all spells.
Casting: Flame Wave (dangerous; 3% risk of failure)
Press: ? - help, Dir - look around, f - activate A wave of flame ripples out!
The flame wave engulfs the ogre!
The ogre is heavily wounded.
The flame wave engulfs the sky beast!
The sky beast is moderately wounded.
The flame wave engulfs your foxfire.
Your foxfire completely resists.
The flame wave engulfs your foxfire.
Your foxfire completely resists. (Press . to intensify the flame waves.)
The foxfire hits the sky beast.
The sky beast is heavily wounded.
The foxfire hits the sky beast.
The sky beast is heavily wounded.
The sky beast hits you but does no damage.
The ogre hits you with a +0 giant spiked club!!
You die...

.#..####....#...§..#..#......
#.# .#..#
#....#####..#..#..#### #>#
.#..# ##.#.#...†..#.)#.....
#.#
.#..#####.#.#...†..#..#......
#.#
............#..#####..#####..
#.#
............#......#.)#c.....
#.#
.#..#####...#..(...#..#F.....
#.# .#..#
#...#####.§#.)#s.#### #.#
....# #...#...Y@§#..#.....
#.# ....#
#...#...O.§#..#...... #.#
....#####...#..#####..#####..
#.# ............#..
#..#......##.# ............#.
#..#......#..# <8...####...#
#..#..#####..# .....####...#
#..#..# #..# ............#
#..#..# #..### ............#
#..# .' #.....


You could see a sky beast, an ogre and a bullfrog.

Vanquished Creatures
  Grinder (D:5)
  Sigmund (D:6)
  A steam dragon (D:6)
  A water moccasin (D:5)
  An ogre (D:6)
  Blork the orc (D:5)
  2 scorpions
  A bullfrog (D:6)
  2 howler monkeys
  2 hounds (D:5)
  3 orc priests
  A jelly (D:5)
  Jessica (D:3)
  3 iguanas
  An orc wizard (D:4)
  8 gnolls
  12 adders
  A shadow imp (D:6)
  An ufetubus (D:6)
  A worm (D:2)
  3 dart slugs
  8 orcs
  4 bats
  7 endoplasms
  5 giant cockroaches
  6 goblins
  4 hobgoblins
  9 jackals
  2 quokkas (D:1)
  13 ball pythons
  2 frilled lizards
  8 kobolds
  6 rats
122 creatures vanquished.

Vanquished Creatures (others)
  651 foxfires
651 creatures vanquished.

Grand Total: 773 creatures vanquished

Notes
Turn   | Place    | Note
-------+----------+-------------------------------------------
     0 | D:1      | zero the Deep Elf Fire Elementalist began the quest for the
                  | Orb.
     0 | D:1      | Reached XP level 1. HP: 10/10 MP: 6/6
   223 | D:1      | Reached skill level 4 in Spellcasting
   223 | D:1      | Reached XP level 2. HP: 15/15 MP: 3/9
   737 | D:1      | Learned a level 2 spell: Scorch
   897 | D:1      | Reached XP level 3. HP: 19/19 MP: 7/11
   901 | D:1      | Learned a level 3 spell: Inner Flame
   945 | D:1      | Reached skill level 5 in Spellcasting
   951 | D:1      | You fall into a shaft and drop 1 floor!
  1755 | D:2      | Reached skill level 6 in Spellcasting
  1755 | D:2      | Reached XP level 4. HP: 24/24 MP: 10/14
  2080 | D:2      | Reached skill level 7 in Spellcasting
  2080 | D:2      | Reached XP level 5. HP: 21/28 MP: 9/16
  2132 | D:2      | Learned a level 4 spell: Flame Wave
  2387 | D:2      | Found a faded altar of an unknown god.
  3292 | D:3      | Reached skill level 8 in Spellcasting
  3597 | D:3      | Noticed Jessica
  3602 | D:3      | Killed Jessica
  3603 | D:3      | Reached XP level 6. HP: 29/32 MP: 14/19
  3636 | D:3      | Learned a level 5 spell: Freezing Cloud
  3884 | D:3      | Reached skill level 9 in Spellcasting
  3945 | D:3      | Found an iron altar of Okawaru.
  4486 | D:4      | Learned a level 1 spell: Apportation
  4659 | D:4      | Found Fovimil's Vocational Training.
  4807 | D:4      | Found a staircase to the Ecumenical Temple.
  4846 | Temple   | Entered the Ecumenical Temple
  4864 | Temple   | Became a worshipper of Vehumet
  5065 | D:5      | Entered Level 5 of the Dungeon
  5065 | D:5      | Noticed a water moccasin
  5070 | D:5      | Killed a water moccasin
  5071 | D:5      | Reached XP level 7. HP: 24/36 MP: 13/22
  5411 | D:5      | Reached skill level 10 in Spellcasting
  5534 | D:5      | Noticed Blork the orc
  5536 | D:5      | Noticed Grinder
  5539 | D:5      | Killed Blork the orc
  5544 | D:5      | Killed Grinder
  5545 | D:5      | Reached skill level 5 in Conjurations
  6162 | D:5      | Found a runed translucent door.
  6163 | D:5      | Noticed Crazy Yiuf
  6213 | D:6      | Found Ythrucuq's Magic Scroll Boutique.
  6221 | D:6      | Bought a scroll of teleportation for 39 gold pieces
  6221 | D:6      | Bought a scroll of identify for 26 gold pieces
  6600 | D:6      | Noticed a steam dragon
  6701 | D:6      | Noticed Sigmund
  6705 | D:6      | Killed Sigmund
  6706 | D:6      | Reached skill level 5 in Fire Magic
  6706 | D:6      | Reached XP level 8. HP: 36/41 MP: 17/24
  7638 | D:6      | Reached * piety under Vehumet
  7638 | D:6      | Offered knowledge of Magic Dart by Vehumet.
  7639 | D:6      | Slain by an ogre

Illustrated notes

Levels and vault maps discovered:
D:1:      spicycebolla_arrival_risky_transporter, layout_basic,
          serial_corexii_hall, corexii_hall_statues_deadend,
          corexii_hall_statues_t
D:2:      layout_rooms, shapermc_ecumenical_altar_pompeii, minmay_snake_closets
D:3:      layout_loops_ring, marbit_many_paths, uniq_jessica
D:4:      layout_loops_ring, minmay_temple_entry_wispy, nicolae_shop_vocational
D:5:      layout_loops_ring, uniq_blork_the_orc, uniq_grinder,
          uniq_crazy_yiuf_cottage
D:6:      kennysheep_windowed_halls, layout_basic, serial_shops,
          nicolae_shop_statue_plus, uniq_sigmund
Temple:   nicolae_temple_bog_church

Skill      XL: |  1  2  3  4  5  6  7  8 |
---------------+-------------------------+-----
Spellcasting   | 4 6 7 8 9 10 | 10.0
Conjurations   | 2 5 |  5.0
Fire Magic     | 5 8 |  8.1
Dodging        | |  2.4
Stealth        | |  2.4

Action                     |  1- 3 |  4- 6 |  7- 9 || total
---------------------------+-------+-------+-------++-------
  Melee: Short sword       |    17 |     1 |       ||    18
         Rapier            |       |     2 |       ||     2
   Cast: Foxfire           |   117 |   191 |   110 ||   418
         Inner Flame       |       |     3 |     6 ||     9
         Scorch            |       |     3 |       ||     3
         Flame Wave        |       |       |     6 ||     6
    Use: Scroll            |       |     7 |       ||     7
 Armour: Robe              |     6 |     9 |     8 ||    23
  Dodge: Dodged            |    18 |    15 |    17 ||    50

Table legend: (Time is in decaauts)
 A = Elapsed time spent in this place.
 B = Non-inter-level travel time spent in this place.
 C = Inter-level travel time spent in this place.
 D = Time resting spent in this place.
 E = Time spent auto-exploring this place.
 F = Levels seen in this place.
 G = Mean time per level.
                   A        B        C        D        E       F      G
               +--------+--------+--------+--------+--------+-----+--------+
         Total |   7631 |   7460 |    171 |   1312 |   5052 |   7 | 1090.1 |
       Dungeon |   7602 |   7440 |    162 |   1312 |   5040 |   6 | 1267.0 |
        Temple |     29 |     20 |      9 |      0 |     12 |   1 |   29.0 |
               +--------+--------+--------+--------+--------+-----+--------+

Top non-repeatable levels by time:
     D:2: 1622 daAuts
     D:1: 1612 daAuts
     D:5: 1355 daAuts
     D:6: 1217 daAuts
     D:3: 970 daAuts
     D:4: 823 daAuts
  Temple: 29 daAuts
